 Dungeon Crawl Stone Soup version 0.27.1-34-g3ba077fa99 (webtiles) character file.

Game seed: 9426599181206124971

23 Ijustatesigmund the Skirmisher (level 2, 0/20 HPs)
             Began as a Gargoyle Fighter on Feb 3, 2022.
             Slain by a gnoll (2 damage)
             ... on level 1 of the Dungeon.
             The game lasted 00:01:32 (757 turns).

Ijustatesigmund the Skirmisher (Gargoyle Fighter)    Turns: 757, Time: 00:01:32

Health: 0/20       AC:  9    Str: 19    XL:     2   Next: 95%
Magic:  2/2        EV:  7    Int:  8    God:
Gold:   3          SH:  9    Dex:  9    Spells: 1/1 levels left

rFire    . . .     SeeInvis .   a - +1 flail
rCold    . . .     Faith    .   c - +0 kite shield
rNeg     + . .     Spirit   .   b - +0 scale mail
rPois    ∞         Reflect  .   (no helmet)
rElec    +         Harm     .   (no cloak)
rCorr    .         Rampage  .   (no gloves)
Will     .....                  (no boots)
Stlth    ..........             (no amulet)
HPRegen  0.06/turn              (no ring)
MPRegen  0.08/turn              (no ring)

@: brilliant, attractive, flying
A: sickness immunity, AC +2, negative energy resistance 1, electricity
resistance, torment resistance 1, petrification resistance
a: no special abilities


You were on level 1 of the Dungeon.
You visited 1 branch of the dungeon, and saw 2 of its levels.

You collected 53 gold pieces.
You spent 50 gold pieces at shops.

Inventory:

Hand Weapons
 a - a +1 flail (weapon)
Missiles
 d - 3 silver javelins (quivered)
Armour
 b - a +0 scale mail (worn)
 c - a +0 kite shield (worn)
Potions
 g - a potion of flight


   Skills:
 + Level 3.7 Fighting
 * Level 3.0 Maces & Flails
 - Level 3.2 Armour
 - Level 3.2 Shields


You had one spell level left.
You didn't know any spells.
Your spell library contained the following spells:

 Spells                   Type           Power      Damage    Failure   Level
 Magic Dart               Conj           0%         1d3       99%         1
 Call Imp                 Summ           0%         N/A       100%        2
 Mephitic Cloud           Conj/Pois/Air  0%         N/A       100%        3


Dungeon Overview and Level Annotations

Branches:
Dungeon (2/15)

Altars:

Shops:
D:1 *


Innate Abilities, Weirdness & Mutations

You are immune to sickness and miasma.
Your stone body is resilient. (AC +2)
You are immune to poison.
You resist negative energy. (rN+)
You are resistant to electric shocks. (rElec)
You are resistant to unholy torment.
You are immune to petrification.


Message History

There is a stone staircase leading down here.
You climb downwards.
The gnoll shouts! x2; You hear a shout!
Found a potion of might.
There is a stone staircase leading up here.
There are monsters nearby!
You block the gnoll's attack. The gnoll hits you with a +0 flail!
Ouch! That really hurt!
You climb upwards.
There is a stone staircase leading down here.
You block the gnoll's attack.
Throw: 4 javelins (silver)
Press: ? - help, Q - select action Shift-Dir - straight line, f - gnoll
Aim: a gnoll, wielding a +0 club (58% to hit)
You throw a silver javelin.
The silver javelin pierces through the gnoll.
The gnoll is moderately wounded.
The silver javelin closely misses the gnoll.
The gnoll hits you but does no damage.
You hit the gnoll.
The gnoll is lightly wounded.
The gnoll hits you with a +0 flail. You block the gnoll's attack.
The gnoll hits you with a +0 flail.
* * * LOW HITPOINT WARNING * * *
It was a potion of flight.
You feel very buoyant.
You fly up into the air.
You block the gnoll's attack. The gnoll closely misses you.
It was a potion of brilliance.
You feel clever all of a sudden. You block the gnoll's attack.
The gnoll hits you but does no damage.
It was a potion of attraction.
You feel attractive to monsters. The gnoll hits you with a +0 club.
* * * LOW HITPOINT WARNING * * *
The gnoll hits you but does no damage.
You hit the gnoll.
The gnoll is lightly wounded.
The gnoll hits you with a +0 club.
You die...

.###.##..#÷#÷#.# #.###
.....###.......##############....
########.#.#.#.................##
....##.....÷...#...#.............
..#+##.#.#.#.#.#.#.#..........)##
.#...#.#...........#.........).#
.+...#.#...>...............###.##
##...#.#.##.##.#g....##....###...
##.....#.(.....g@.....+..........
######.################..[.#####.
#....#..†.....# #.....# #.
#.##.###......# #...#.# #. ...#.#
#......# #####+####. #..#.#
#......# #........
#..#.####.....# #........
#..#..........# #........
####+################## #........


You could see 2 gnolls.

Vanquished Creatures
  A gnoll (D:1)
  2 ball pythons (D:1)
  An endoplasm (D:1)
  3 hobgoblins (D:1)
  2 kobolds (D:1)
  A frilled lizard (D:1)
  3 rats (D:1)
13 creatures vanquished.

Notes
Turn   | Place    | Note
-------+----------+-------------------------------------------
     0 | D:1      | Ijustatesigmund the Gargoyle Fighter began the quest for
                  | the Orb.
     0 | D:1      | Reached XP level 1. HP: 14/14 MP: 1/1
     9 | D:1      | Reached XP level 2. HP: 19/19 MP: 2/2
   567 | D:1      | Found Cefum's Assorted Antiques.
   579 | D:1      | Bought a scroll labelled CEODWO YFUCK for 25 gold pieces
   579 | D:1      | Bought a scroll labelled JONLIU ZECKIRGH for 25 gold pieces
   757 | D:1      | Slain by a gnoll

Illustrated notes

Levels and vault maps discovered:
D:1:      scummos_arrival_checkerplants, layout_basic, serial_shops,
          nicolae_shop_overgrown_old_shop, serial_glass, glass_columns_a,
          glass_columns_b, item_on_display_a
D:2:      layout_loops_ring, ebering_ecumenical_altar_petrified, uniq_natasha

Skill      XL: |  1  2 |
---------------+-------+-----
Maces & Flails | 3 |  3.0
Fighting       | |  3.7
Armour         | |  3.2
Shields        | |  3.2

Action                   || total
-------------------------++-------
Melee: Flail             ||    28
Throw: Javelin           ||     1
  Use: Potion            ||     4
       Scroll            ||     4
Armor: Scale mail        ||    14
Dodge: Dodged            ||     5
Block: Kite shield       ||    17
